 Dungeon Crawl Stone Soup version 0.31.0-11-ge490571c62 (webtiles) character file.

Game seed: 10578575947747192453

95113 Esekla the Unseen (level 16, -2/150 HPs)
             Began as a Naga Delver on Jan 28, 2024.
             Was the Champion of Vehumet.
             Hit by a large rock thrown by a cyclops (31 damage)
             ... on level 12 of the Dungeon.
             The game lasted 04:14:30 (29953 turns).

Esekla the Unseen (Naga Delver)                    Turns: 29953, Time: 04:14:30

Health: -2/150     AC: 18    Str: 19    XL:     16   Next: 13%
Magic:  29/32      EV: 13    Int: 16    God:    Vehumet [******]
Gold:   2591       SH:  0    Dex: 16    Spells: 6/40 levels left

rFire   x . .        a - +2 falchion (elec)
rCold   + . .        (no shield)
rNeg    + . .        X - +2 steam dragon scales
rPois   +            Y - +0 mask of the Dragon {Will+ Slay+3 SInv}
rElec   .            A - +0 cloak
rCorr   .            s - +2 pair of gloves
SInv    +            (no barding)
Will    +++..        x - amulet of magic regeneration
Stlth   ++++++       T - ring of the Baking Gods {Ice Fly rN+ Slay+2}
HPRegen 0.45/turn    N - ring "Tiwecocs" {AC+4 Str+2 Dex+3}
MPRegen 0.63/turn

%: no passive effects
@: flying, very slightly contaminated, studying Alchemy, very slow
A: AC +5, large, see invisible, deformed body, poison resistance, slowness 2,
spit poison 1, naga tail 2
a: Spit Poison, Renounce Religion


You were on level 12 of the Dungeon.
You worshipped Vehumet.
Vehumet was exalted by your worship.
You visited 4 branches of the dungeon, and saw 20 of its levels.
You also visited: Gauntlet and Ice Cave.

You collected 2854 gold pieces.
You spent 263 gold pieces at shops.

Inventory:

Hand Weapons
 a - a +2 falchion of electrocution (weapon)
 e - a +1 dagger of electrocution
 r - a +2 spear of flaming
 v - a +2 dagger of venom
 w - a +2 dagger of holy wrath
 R - a +0 long sword of freezing
 U - a +2 rapier of flaming
Missiles
 D - 17 boomerangs (quivered)
 H - 26 poisoned darts
 P - 4 curare-tipped darts
 V - 5 silver javelins
Armour
 s - a +2 pair of gloves (worn)
 y - a +0 troll leather armour
 A - a +0 cloak (worn)
 J - a scarf of resistance
 X - +2 steam dragon scales (worn)
 Y - the +0 mask of the Dragon (worn) {Will+ Slay+3 SInv}
   (You found it in a Gauntlet)

   Slay+3:    It affects your accuracy & damage with ranged weapons and melee
   (+3).
   Will+:     It increases your willpower.
   SInv:      It lets you see invisible.
Jewellery
 b - a ring of protection from fire
 x - an amulet of magic regeneration (around neck)
 E - the ring of Cheibriados's Fury {rElec Slay+3 SInv}
   (You found it in an ice cave)

   [ring of see invisible]

   Slay+3:    It affects your accuracy & damage with ranged weapons and melee
   (+3).
   rElec:     It insulates you from electricity.
   SInv:      It lets you see invisible.
 G - a ring of wizardry
 I - an amulet of reflection
 M - an amulet of regeneration
 N - the ring "Tiwecocs" (right hand) {AC+4 Str+2 Dex+3}
   (You found it on level 9 of the Dungeon)

   [ring of protection]

   AC+4:      It affects your AC (+4).
   Str+2:     It affects your strength (+2).
   Dex+3:     It affects your dexterity (+3).
 S - a ring of protection from cold
 T - the ring of the Baking Gods (left hand) {Ice Fly rN+ Slay+2}
   (You found it in an ice cave)

   [ring of ice]

   Ice:       It enhances your ice magic.
   Slay+2:    It affects your accuracy & damage with ranged weapons and melee
   (+2).
   rF-:       It makes you vulnerable to fire.
   rC+:       It protects you from cold.
   rN+:       It protects you from negative energy.
   Fly:       It grants you flight.
Wands
 g - a wand of digging (1)
 j - a wand of iceblast (24)
 k - a wand of quicksilver (1)
 K - a wand of mindburst (9)
 Q - a wand of flame (21)
Scrolls
 d - 2 scrolls of amnesia
 n - a scroll of butterflies
 p - 2 scrolls of fog
 q - 4 scrolls of revelation
 t - a scroll of enchant armour
 u - 5 scrolls of enchant weapon
 z - 3 scrolls of poison
 O - 2 scrolls of fear
 Z - 3 scrolls of teleportation
Potions
 c - 8 potions of ambrosia
 f - 8 potions of haste
 h - a potion of might
 i - a potion of cancellation {unknown}
 l - 4 potions of brilliance
 m - 3 potions of invisibility
 o - 3 potions of enlightenment
 C - 2 potions of mutation
 F - 3 potions of magic
 L - 5 potions of curing


   Skills:
 * Level 11.3 Fighting
 + Level 7.2(8.3) Short Blades
 + Level 6.0(7.7) Long Blades
 + Level 2.3 Throwing
 - Level 0.8 Armour
 + Level 6.5 Dodging
 + Level 15.4 Stealth
 * Level 12.6 Spellcasting
 + Level 8.2 Conjurations
 * Level 4.8 Fire Magic
 * Level 9.1 Ice Magic
 + Level 8.5 Air Magic
 + Level 10.8 Alchemy
 + Level 1.4 Evocations


You had 6 spell levels left.
You knew the following spells:

 Your Spells              Type           Power      Damage    Failure   Level
a - Magic Dart            Conj           100%       1d8       1%          1
c - Mephitic Cloud        Conj/Alch/Air  39%        N/A       1%          3
f - Fireball              Conj/Fire      15%        3d8       3%          5
i - Irradiate             Conj/Alch      20%        3d18      1%          5
k - Airstrike             Air            18%        2d(3-19)  1%          4
n - Ignite Poison         Fire/Alch      35%        N/A       1%          4
r - Frozen Ramparts       Ice            100%       1d16      1%          3
x - Olgreb's Toxic Radia  Alch           44%        N/A       1%          4
z - Freezing Cloud        Conj/Ice/Air   27%        6-21      1%          5

Your spell library contained the following spells:

 Spells                   Type           Power      Damage    Failure   Level
 Spellforged Servitor     Conj/Summ      11%        N/A       92%         7
 Freeze                   Ice            100%       1d10      1%          1
 Cigotuvi's Dreadful Rot  Necr/Alch/Air  60%        N/A       1%          2
 Static Discharge         Conj/Air       72%        3-6/arc   1%          2
 Hailstorm                Conj/Ice       54%        3d11      1%          3
 Eringya's Noxious Bog    Alch           22%        4d6       3%          6
 Leda's Liquefaction      Alch/Erth      13%        N/A       8%          4
 Petrify                  Alch/Erth      27%        N/A       8%          4
 Conjure Ball Lightning   Conj/Air       18%        3x3d6     10%         6
 Sublimation of Blood     Necr           10%        N/A       11%         2
 Summon Lightning Spire   Summ/Air       23%        N/A       12%         4
 Metabolic Englaciation   Hex/Ice        18%        N/A       30%         5
 Anguish                  Hex/Necr       5%         N/A       56%         4
 Cause Fear               Hex            5%         N/A       56%         4
 Manifold Assault         Tloc           10%        N/A       56%         4
 Summon Forest            Summ/Tloc      5%         N/A       89%         5
 Dispersal                Tloc           5%         N/A       100%        6
 Ozocubu's Refrigeration  Ice            28%        4d13      32%         7
 Enfeeble                 Hex            5%         N/A       100%        7
 Summon Hydra             Summ           5%         N/A       100%        7
 Discord                  Hex            5%         N/A       100%        8
 Disjunction              Tloc           5%         N/A       100%        8


Dungeon Overview and Level Annotations

Branches:
Dungeon (12/15)            Temple (1/1) D:5            Lair (5/5) D:10
 Shoals (0/4) Lair:2        Snake (0/4) Lair:3        Slime (0/5) Lair:4
    Orc (2/2) D:10            Elf (0/3) Orc:2         IceCv (visited)
Gauntlet (visited)

Altars:
Ashenzari
Cheibriados
Dithmenos
Elyvilon
Fedhas
Gozag
Hepliaklqana
Kikubaaqudgha
Makhleb
Nemelex Xobeh
Okawaru
Qazlal
Ru
Sif Muna
Trog
Uskayaw
Vehumet
Wu Jian
Xom
Yredelemnul
Zin
The Shining One
Jiyva
Lugonu

Shops:
D:5 ((?!   D:7 *[   D:8 **   Orc:1 :   Orc:2 =(*[

Portals:
Abyss: Lair:5
Trove: D:10 (give +2 ice dragon scales)

Annotations:
D:6 ice beast
D:7 exclusion: ice statue
D:8 3 runed translucent doors, tdog's ghost, journeyman SpBr
D:9 2 runed translucent doors, exclusion: orange crystal statue
D:11 2 transporters, Driedwater's ghost, journeyman DjNe
Lair:2 3 runed translucent doors, Suk Xiy's ghost, journeyman DrSh


Innate Abilities, Weirdness & Mutations

Your serpentine skin is tough. (AC +5)
You have supernaturally acute eyesight. (SInv)
Armour fits poorly on your strangely shaped body.
Your system is resistant to poisons. (rPois)
You cover ground very slowly.
You can spit poison.
You can use your snake-like lower body to constrict enemies.


Message History

You kill the slime creature!
Vehumet accepts your kill.
You feel your power returning.
Casting: Freezing Cloud (mildly dangerous; 1% risk of failure)
Confirm with . or Enter, or press ? or * to list all spells.
Aiming: Mephitic Cloud (safe; 1% risk of failure)
Press: ? - help, Shift-Dir - straight line, p - slime creature The ball explodes into a vile cloud!
The stinking cloud engulfs the cyclops.
The cyclops is heavily wounded.
The stinking cloud engulfs the cyclops.
The cyclops is moderately wounded.
You hear a shout!
The cyclops is engulfed in noxious fumes.
The cyclops appears confused.
The slime creature is engulfed in freezing vapours. x2
Two slime creatures merge to form a large slime creature.
You hit the cyclops. Lightning courses through the cyclops!
The cyclops is almost dead.
The slime creature is engulfed in freezing vapours.
The slime creature hits you but does no damage.
You slash the slime creature!
The slime creature is almost dead.
The cyclops is engulfed in noxious fumes.
The cyclops appears confused.
The cyclops is engulfed in noxious fumes.
The cyclops throws a large rock.
The large rock hits you!!
* * * LOW HITPOINT WARNING * * *
The slime creature is engulfed in freezing vapours.
You kill the slime creature!
Vehumet accepts your kill.
The large slime creature is engulfed in freezing vapours.
You strike the helpless cyclops from behind!
You hit the cyclops.
The cyclops is almost dead.
You kill the cyclops!
Vehumet accepts your kill.
You feel your power returning.
The cyclops is engulfed in noxious fumes.
The cyclops throws a large rock.
The large rock hits you!!
You die...

.....................
....#.}..............
..........#........#
..........#.......#
...[.#..†.........#
...#####.†........#
..## ###..........#
.. #.......).)...## .
.........)$))@§§#
..........#)(°☼J#
............§C.§§§..
............○.°§####
........^.......§.
..................
..................
.#......##.....


You could see a large slime creature and a cyclops (poisoned).

Vanquished Creatures
  Rupert (Lair:4)
  An orc warlord (Orc:2)
  A minotaur (Gauntlet)
  A white draconian (IceCv)
  Snorg (D:12)
  6 hydras
  A great orb of eyes (Gauntlet)
  2 catoblepae
  2 boulder beetles
  3 two-headed ogres
  11 death yaks
  4 thrashing horrors (Lair:5)
  4 orc high priests (Orc:2)
  3 skysharks
  A deep elf pyromancer (D:12)
  4 orc knights (Orc:2)
  A necromancer (Lair:5)
  A salamander (Lair:3)
  6 ugly things
  4 orc sorcerers (Orc:2)
  4 cyclopes
  24 elephants
  A meliai (D:9)
  A kobold blastminer (Orc:2)
  A merfolk siren (Lair:2)
  2 ice statues (IceCv)
  2 black mambas
  2 smoke demons (Lair:5)
  3 torpor snails
  10 cane toads
  2 molten gargoyles (Lair:3)
  7 rime drakes
  Psyche (D:8)
  7 komodo dragons
  2 ice devils (Lair:5)
  2 kobold demonologists (D:10)
  A queen bee (D:10)
  A harpy zombie (D:10)
  A troll (Orc:2)
  Prince Ribbit (D:7)
  28 blink frogs
  2 slime creatures (D:12)
  2 raiju (Lair:5)
  17 dream sheep
  A spriggan (Lair:5)
  A ynoxinul (Lair:5)
  2 vampires
  4 wyverns
  3 shadows
  A wraith (D:12)
  72 yaks
  8 basilisks
  2 steam dragons
  3 vampire mosquitoes (D:11)
  A warg (Orc:2)
  A human (shapeshifter) (Lair:5)
  2 chaos spawn (Lair:5)
  2 nagas (Lair:3)
  2 two-headed ogre zombies (D:10)
  2 death yak simulacra (Lair:5)
  2 acid dragons
  16 water moccasins
  3 hydra simulacra (Lair:5)
  25 orc warriors
  A sky beast (D:7)
  15 ice beasts
  An elephant zombie (D:10)
  A black bear (shapeshifter) (Lair:5)
  A black bear (D:6)
  2 laughing skulls
  7 ogres
  13 wolves
  11 centaurs
  A phantom (D:7)
  5 kobold brigands (D:10)
  12 bullfrogs
  2 gnoll sergeants
  3 scorpions (D:5)
  8 small abominations (Lair:5)
  2 spriggan zombies (D:10)
  3 elephant simulacra (Lair:5)
  5 lindwurm simulacra (IceCv)
  55 killer bees
  A wolf zombie (D:10)
  2 electric eels (Lair:4)
  9 howler monkeys
  3 centaur zombies (D:10)
  5 lava snakes (Lair:3)
  4 hounds
  21 orc priests
  3 bombardier beetles
  A gnoll bouda (D:5)
  8 komodo dragon simulacra (IceCv)
  2 jellies
  5 iguanas
  A sleepcap (D:6)
  39 orc wizards
  3 killer bee zombies (D:10)
  Robin (D:2)
  9 gnolls
  2 acid dragon simulacra (IceCv)
  7 adders
  A white imp (D:7)
  3 hell rat simulacra (Lair:5)
  7 ufetubi
  6 steam dragon simulacra (IceCv)
  3 ribbon worms
  A dart slug (D:4)
  89 orcs
  An endoplasm (D:1)
  3 giant cockroaches (D:2)
  13 goblins
  8 hobgoblins
  5 jackals
  3 quokkas
  9 ball pythons
  9 bats
  A frilled lizard (D:1)
  19 kobolds
  6 rats
796 creatures vanquished.

Notes
Turn   | Place    | Note
-------+----------+-------------------------------------------
     0 | D:5      | Esekla the Naga Delver began the quest for the Orb.
     0 | D:5      | Reached XP level 1. HP: 21/21 MP: 1/1
    79 | D:5      | Found a staircase to the Ecumenical Temple.
    86 | Temple   | Entered the Ecumenical Temple
   205 | Temple   | Became a worshipper of Vehumet
   378 | D:4      | Found a white marble altar of Elyvilon.
   438 | D:5      | Found Qeorucw's Antique Weapon Shop.
   440 | D:5      | Found Vubead's Distillery.
   454 | D:5      | Reached XP level 2. HP: 24/28 MP: 2/2
   457 | D:5      | Found Cobemuem's Antique Weapon Shop.
   457 | D:5      | Found Somm's Magic Scroll Shop.
   458 | D:5      | Noticed a howler monkey
   483 | D:5      | Reached skill level 8 in Stealth
   483 | D:5      | Reached XP level 3. HP: 26/34 MP: 3/3
   546 | D:5      | Reached XP level 4. HP: 39/42 MP: 4/4
   550 | D:5      | Bought a scroll of identify for 26 gold pieces
   550 | D:5      | Bought a scroll of noise for 13 gold pieces
   662 | D:4      | Reached skill level 9 in Stealth
   805 | D:3      | Reached XP level 5. HP: 45/49 MP: 5/5
  1023 | D:1      | Reached * piety under Vehumet
  1023 | D:1      | Offered knowledge of Magic Dart by Vehumet.
  1026 | D:1      | Learned a level 1 spell: Magic Dart
  1060 | D:1      | Found a faded altar of an unknown god.
  2216 | D:2      | Offered knowledge of Shock by Vehumet.
  2600 | D:3      | Reached skill level 1 in Spellcasting
  2604 | D:3      | Reached ** piety under Vehumet
  2696 | D:3      | Reached XP level 6. HP: 19/56 MP: 7/7
  3187 | D:3      | Identified the +2 leather armour of Taepluwa {Int+3}
  3950 | D:5      | Reached skill level 1 in Conjurations
  4030 | D:5      | Reached skill level 1 in Ice Magic
  4143 | D:5      | Noticed an ice beast
  4178 | D:5      | Reached XP level 7. HP: 63/63 MP: 9/9
  4179 | D:5      | Offered knowledge of Dazzling Flash by Vehumet.
  4182 | D:5      | Reached skill level 10 in Stealth
  4227 | D:5      | Reached skill level 1 in Short Blades
  4473 | D:5      | Bought a runed long sword for 175 gold pieces
  4562 | D:2      | Reached *** piety under Vehumet
  4605 | D:2      | Noticed Robin
  4755 | D:2      | Killed Robin
  5116 | D:5      | Learned a level 3 spell: Frozen Ramparts
  5123 | D:5      | Reached XP level 8. HP: 12/72 MP: 11/11
  5971 | D:6      | Offered knowledge of Mephitic Cloud by Vehumet.
  5976 | D:6      | Learned a level 3 spell: Mephitic Cloud
  6139 | D:6      | Reached skill level 1 in Alchemy
  6276 | D:6      | Reached skill level 5 in Fighting
  6276 | D:6      | Reached skill level 1 in Air Magic
  6357 | D:6      | Found a sparkling altar of Nemelex Xobeh.
  6517 | D:6      | Reached XP level 9. HP: 81/81 MP: 13/15
  6528 | D:6      | Found a shimmering altar of Xom.
  6534 | D:6      | Found an ornate altar of the Wu Jian Council.
  6539 | D:6      | Found a burning altar of Makhleb.
  6545 | D:6      | Found a shadowy altar of Dithmenos.
  6550 | D:6      | Found a snail-covered altar of Cheibriados.
  6557 | D:6      | Found an iron altar of Okawaru.
  6563 | D:6      | Found an opulent altar of Gozag.
  6726 | D:7      | Noticed Prince Ribbit
  6746 | D:7      | Killed Prince Ribbit
  7017 | D:7      | Found Zojiuzat's Antique Armour Shop.
  7285 | D:7      | Found Fuusiykh's Assorted Antiques.
  7339 | D:7      | Noticed an ice statue
  7376 | D:7      | Noticed a boulder beetle
  7465 | D:7      | Reached **** piety under Vehumet
  7782 | D:7      | Identified a scroll of acquirement
  8383 | D:8      | Found Ecwyrid's General Store.
  8387 | D:8      | Found Menoddow's Specific Store.
  8463 | D:8      | Offered knowledge of Arcjolt by Vehumet.
  8518 | D:8      | Reached skill level 5 in Spellcasting
  8531 | D:8      | Reached XP level 10. HP: 75/91 MP: 17/17
  8729 | D:8      | Noticed Psyche
  8959 | D:8      | Reached skill level 5 in Ice Magic
  9602 | D:7      | Bought a lumpy silvery potion for 23 gold pieces
  9696 | D:7      | Killed a boulder beetle
  9833 | D:8      | Found a runed translucent gate.
  9833 | D:8      | Found a runed translucent gate.
  9833 | D:8      | Found a runed translucent gate.
  9851 | D:8      | Noticed tdog's ghost (journeyman SpBr)
  9990 | D:8      | Killed Psyche
 10254 | D:8      | Reached ***** piety under Vehumet
 10284 | D:9      | Offered knowledge of Airstrike by Vehumet.
 10290 | D:9      | Learned a level 4 spell: Airstrike
 10588 | D:9      | Reached XP level 11. HP: 42/100 MP: 20/20
 10619 | D:9      | Noticed a cyclops
 10619 | D:9      | Noticed a cyclops
 10619 | D:9      | Noticed a five-headed hydra
 10619 | D:9      | Noticed a brown ugly thing
 10619 | D:9      | Noticed a two-headed ogre
 10619 | D:9      | Noticed a four-headed hydra
 10836 | D:9      | Reached skill level 5 in Alchemy
 10899 | D:9      | Noticed a two-headed ogre
 11275 | D:10     | Entered Level 10 of the Dungeon
 11567 | D:10     | Found a shimmering blue altar of Sif Muna.
 12189 | D:10     | Reached skill level 5 in Short Blades
 12378 | D:10     | Learned a level 5 spell: Irradiate
 12427 | D:10     | Reached skill level 5 in Air Magic
 12523 | D:10     | Reached skill level 11 in Stealth
 12546 | D:10     | Found a portal to a secret trove of treasure.
 12664 | D:10     | Found an ancient bone altar of Kikubaaqudgha.
 12683 | D:10     | Noticed a large abomination
 13484 | D:9      | Killed a cyclops
 13485 | D:9      | Reached skill level 1 in Throwing
 13496 | D:9      | Killed a cyclops
 13554 | D:9      | Found a runed translucent door.
 13554 | D:9      | Noticed an orange crystal statue
 13554 | D:9      | Found the +10 tower shield of Ignorance {rN+ Int-4}
 13573 | D:9      | Found a runed translucent door.
 13649 | D:9      | Identified the ring "Tiwecocs" {AC+4 Str+2 Dex+3}
 13753 | D:9      | Killed a four-headed hydra
 13960 | D:9      | Killed a five-headed hydra
 13961 | D:9      | Reached XP level 12. HP: 102/110 MP: 13/23
 14055 | D:9      | Killed a two-headed ogre
 14087 | D:9      | Killed a two-headed ogre
 14622 | D:10     | Reached skill level 5 in Dodging
 14857 | D:10     | Reached skill level 5 in Conjurations
 14958 | D:10     | Offered knowledge of Yara's Violent Unravelling by Vehumet.
 15066 | D:10     | Found a staircase to the Lair.
 15210 | D:10     | Found a staircase to the Orcish Mines.
 15514 | D:10     | Found a stormy altar of Qazlal.
 15516 | D:10     | Found a hide-covered altar of Uskayaw.
 15517 | D:10     | Found a broken altar of Ashenzari.
 15845 | D:11     | Found a snail-covered altar of Cheibriados.
 15950 | D:11     | Found a gate leading to a gauntlet.
 15967 | D:11     | Acquired 776 gold pieces
 15971 | Gauntlet | Entered a Gauntlet
 15971 | Gauntlet | Found a transporter.
 15971 | Gauntlet | Found a transporter.
 15971 | Gauntlet | Found a transporter.
 15972 | Gauntlet | Found a transporter.
 15972 | Gauntlet | Noticed a catoblepas
 15973 | Gauntlet | Found a transporter.
 15976 | Gauntlet | Found a transporter.
 16022 | Gauntlet | Found a transporter.
 16025 | Gauntlet | Found a transporter.
 16029 | Gauntlet | Noticed a wretched star
 16040 | Gauntlet | Found a transporter.
 16059 | Gauntlet | Found a transporter.
 16060 | Gauntlet | Noticed a great orb of eyes
 16076 | Gauntlet | Found a transporter.
 16082 | Gauntlet | Found a transporter.
 16180 | Gauntlet | Identified the +1 rapier "Koatitsa" {antimagic, *Corrode
                  | rPois Dex+5}
 16487 | Gauntlet | Killed a great orb of eyes
 16488 | Gauntlet | Reached skill level 12 in Stealth
 16497 | Gauntlet | Identified the ring "Xydwupn" {MP+9 Dex+3}
 16497 | Gauntlet | Noticed a minotaur
 16521 | Gauntlet | Killed a minotaur
 16522 | Gauntlet | Gained mutation: You can use your snake-like lower body to
                  | constrict enemies. [Naga growth]
 16522 | Gauntlet | Reached XP level 13. HP: 48/118 MP: 17/26
 16713 | Gauntlet | Found the +0 mask of the Dragon {Will+ Slay+3 SInv}
 16998 | D:11     | Found a transporter.
 17004 | D:11     | Noticed Driedwater's ghost (journeyman DjNe)
 17018 | D:11     | Found a transporter.
 17143 | D:11     | Reached skill level 1 in Evocations
 17525 | D:5      | Bought a scroll of identify for 26 gold pieces
 17635 | Lair:1   | Entered Level 1 of the Lair of Beasts
 17946 | Lair:1   | Found a bloodstained altar of Trog.
 18323 | Lair:1   | Offered knowledge of Iskenderun's Battlesphere by Vehumet.
 19037 | Lair:2   | Reached skill level 13 in Stealth
 19061 | Lair:2   | Found a runed translucent gate.
 19061 | Lair:2   | Found a runed translucent gate.
 19062 | Lair:2   | Found a runed translucent gate.
 19063 | Lair:2   | Noticed Suk Xiy's ghost (journeyman DrSh)
 19210 | Lair:2   | Found a staircase to the Shoals.
 19418 | Lair:2   | Reached skill level 10 in Spellcasting
 20267 | Lair:2   | Reached XP level 14. HP: 56/129 MP: 28/28
 20778 | Lair:3   | Reached skill level 14 in Stealth
 21044 | Lair:3   | Found a staircase to the Snake Pit.
 21479 | Lair:3   | HP: 5/129 [molten gargoyle/bolt of magma (11)]
 21493 | Lair:3   | HP: 3/129 [molten gargoyle/bolt of magma (10)]
 22226 | Lair:4   | Noticed Rupert
 22232 | Lair:4   | Killed Rupert
 22504 | Lair:4   | Found a staircase to the Slime Pits.
 22505 | Lair:4   | Found a viscous altar of Jiyva.
 23320 | Lair:4   | Offered knowledge of Conjure Ball Lightning by Vehumet.
 23324 | Lair:4   | Reached skill level 5 in Long Blades
 23339 | Lair:4   | Reached ****** piety under Vehumet
 23340 | Lair:4   | Reached skill level 10 in Fighting
 24377 | Lair:4   | Learned a level 4 spell: Ignite Poison
 24383 | Lair:4   | Learned a level 5 spell: Freezing Cloud
 24526 | Lair:5   | Entered Level 5 of the Lair of Beasts
 24648 | Lair:5   | Reached skill level 1 in Fire Magic
 24843 | Lair:5   | Found a frozen archway.
 24963 | IceCv    | Entered an ice cave
 25177 | IceCv    | Reached XP level 15. HP: 80/139 MP: 28/30
 25755 | IceCv    | Reached skill level 15 in Stealth
 25810 | IceCv    | Identified the ring of Cheibriados's Fury {rElec Slay+3
                  | SInv}
 25814 | IceCv    | Identified the ring of the Baking Gods {Ice Fly rN+ Slay+2}
 26517 | Lair:5   | Offered knowledge of Fireball by Vehumet.
 26529 | Lair:5   | Learned a level 5 spell: Fireball
 27583 | Lair:5   | Learned a level 4 spell: Olgreb's Toxic Radiance
 28347 | Lair:5   | Found a corrupted altar of Lugonu.
 28347 | Lair:5   | Found a one-way gate to the infinite horrors of the Abyss.
 28524 | Orc:1    | Entered Level 1 of the Orcish Mines
 28675 | Orc:2    | Entered Level 2 of the Orcish Mines
 28679 | Orc:2    | Offered knowledge of Starburst by Vehumet.
 28754 | Orc:2    | Found a staircase to the Elven Halls.
 28967 | Orc:2    | Noticed an orc warlord
 28981 | Orc:2    | Killed an orc warlord
 28982 | Orc:2    | Reached skill level 10 in Alchemy
 29256 | Orc:1    | Found Gappan's Self-Improvement Boutique.
 29276 | Orc:1    | Reached XP level 16. HP: 131/150 MP: 32/32
 29316 | Orc:1    | Offered knowledge of Spellforged Servitor by Vehumet.
 29606 | Orc:2    | Found Oklahyunn's General Store.
 29607 | Orc:2    | Found Wanliuf's Jewellery Emporium.
 29620 | Orc:2    | Found Ytwusysh's Antique Armour Shoppe.
 29620 | Orc:2    | Found Erphegeol's Antique Weapon Shoppe.
 29894 | D:12     | Noticed Snorg
 29922 | D:12     | Killed Snorg
 29953 | D:12     | Hit by a large rock thrown by a cyclops

Illustrated notes

Levels and vault maps discovered:
D:1:      heliophobic_arrival_enchanted_forest, layout_basic,
          shapermc_ecumenical_altar_mp_ritualfount, minmay_quantized
D:2:      layout_basic, uniq_robin
D:3:      layout_basic
D:4:      layout_basic, elyvilon_altar_4, due_unseen_surprise
D:5:      layout_rooms, minmay_temple_entry_statues_pillars,
          minmay_shop_grid_forest, hex_medium, st_stairs_8,
          minmay_joined_circles
D:6:      layout_loops_ring, grunt_temple_overflow_octagram,
          nemelex_diamond_rough_becter, reono_crystal_passage
D:7:      lemuel_ice_statue, layout_basic, serial_shops,
          nicolae_shop_temple_entry_statues_fountains, shop, uniq_prince_ribbit1
D:8:      layout_gridville, gammafunk_ghost_spectres, minmay_misc_feat_rugged,
          nicolae_specific_store, minmay_gold_behind_fungi, uniq_psyche
D:9:      minmay_the_grid_triangle_9x9_recursive_2
          [minmay_the_grid_triangle_9x9_prize_insulated,
          minmay_the_grid_triangle_9x9_steps,
          minmay_the_grid_triangle_9x9_minimal,
          minmay_the_grid_triangle_9x9_windchime], layout_basic,
          chequers_guarded_unrand_ignorance
D:10:     layout_loops_corners, led_sif_pool, grunt_temple_overflow_diamond,
          hellmonk_lair_entry_icy, david_orc_5, nicolae_trove_entry_free_sample,
          special_room [special_room_bee], roadster_capsule_ark_zombie
D:11:     layout_basic, gauntlet_entry_generic,
          gammafunk_ghost_berserking_beasts, slow_altar_2
D:12:     layout_cave_pools, serial_shops, bzr_entry_customers, uniq_snorg
Temple:   hellmonk_temple_beads
Lair:1:   layout_layer_cave, basic_altar, minmay_hedge_maze
Lair:2:   nzn_winding_woodlands_medium [nzn_winding_woodlands_hourglass,
          nzn_winding_woodlands_5x15_pockets,
          nzn_winding_woodlands_5x5_closed_star,
          nzn_winding_woodlands_5x5_default, nzn_winding_woodlands_center_lodge,
          nzn_winding_woodlands_5x5_three, nzn_winding_woodlands_5x5_open_star,
          nzn_winding_woodlands_5x15_parted, nzn_winding_woodlands_5x5_cross],
          layout_big_grid, minmay_shoals_entry_lonely_mermaid,
          gammafunk_ghost_hydra_chop, chequers_serial_rivers_room_a,
          nzn_sisyphean_effort
Lair:3:   cheibrodos_magma_flow, layout_long_grid, alex1729_snake_entry_snake,
          serial_bayou_shore_b
Lair:4:   layout_cave_pods, slime_entry_1, nicolae_quartered_pool_medium,
          uniq_rupert
Lair:5:   hellmonk_lair_end_abyssal_woods, layout_regular_city,
          portal_ice_cave_demonic_guard, eino_house_with_fridge
Orc:1:    layout_diamond_mine, nicolae_shop_self_help
Orc:2:    st_orc_congregation, layout_diamond_mine, nicolae_orc_beogh_chapel

Skill      XL: |  1  2  3  4  5  6  7  8  9 10 11 12 13 14 15 16 |
---------------+-------------------------------------------------+-----
Stealth        | 8 9 10 11 12 13 14 15 | 15.4
Spellcasting   | 1 2 4 5 6 7 9 10 11 12 | 12.6
Dodging        | 2 3 4 5 6 |  6.5
Conjurations   | 1 2 3 4 5 7 8 |  8.2
Long Blades    | 3 4 5 6 |  6.0
Ice Magic      | 1 2 3 4 5 6 7 8 9 |  9.1
Fighting       | 4 5 6 7 8 9 10 11 | 11.3
Short Blades   | 1 3 4 5 6 7 |  7.2
Alchemy        | 1 3 4 5 6 7 10 | 10.8
Air Magic      | 1 3 4 5 6 7 8 |  8.5
Throwing       | 1 2 |  2.3
Evocations     | 1 |  1.4
Fire Magic     | 2 4 |  4.8
Armour         | |  0.8

Action                     |  1- 3 |  4- 6 |  7- 9 | 10-12 | 13-15 | 16-18 || total
---------------------------+-------+-------+-------+-------+-------+-------++-------
  Melee: Falchion          |    13 |   112 |       |    12 |   281 |    34 ||   452
         Dagger            |       |    89 |   409 |   862 |   416 |       ||  1776
         Punch             |       |     2 |     8 |    17 |    17 |       ||    44
         Long sword        |       |       |    17 |       |       |       ||    17
         Constrict         |       |       |       |       |   147 |     8 ||   155
  Throw: Boomerang         |       |       |     8 |    25 |    58 |     2 ||    93
         Dart              |       |       |       |    14 |     4 |       ||    18
         Javelin           |       |       |       |       |     3 |       ||     3
   Cast: Magic Dart        |       |     5 |     3 |       |       |       ||     8
         Frozen Ramparts   |       |       |    20 |    51 |    66 |       ||   137
         Mephitic Cloud    |       |       |    13 |    61 |    86 |     6 ||   166
         Irradiate         |       |       |       |     7 |    24 |     2 ||    33
         Airstrike         |       |       |       |     3 |       |       ||     3
         Ignite Poison     |       |       |       |       |    48 |     5 ||    53
         Olgreb's Toxic Ra |       |       |       |       |    26 |     9 ||    35
         Freezing Cloud    |       |       |       |       |     6 |     1 ||     7
         Fireball          |       |       |       |       |     4 |       ||     4
Ability: Spit Poison       |     4 |    22 |    47 |    27 |     9 |       ||   109
  Evoke: Wand              |     2 |       |       |    19 |     4 |       ||    25
    Use: Scroll            |     2 |     6 |    10 |    12 |     7 |       ||    37
         Potion            |       |       |       |     7 |     4 |       ||    11
   Stab: Sleeping          |       |    35 |     6 |     1 |    30 |       ||    72
         Confused          |       |       |    15 |    54 |    59 |     2 ||   130
         Distracted        |       |       |       |       |     3 |       ||     3
         Petrifying        |       |       |       |       |     1 |       ||     1
         Petrified         |       |       |       |       |     1 |       ||     1
 Armour: Leather armour    |     8 |    40 |       |       |       |       ||    48
         Robe              |       |    67 |   221 |   474 |       |       ||   762
         Skin              |       |       |       |    20 |     4 |       ||    24
         Steam dragon scal |       |       |       |       |   551 |    30 ||   581
  Dodge: Dodged            |    12 |   136 |   348 |   709 |   476 |    26 ||  1707
